Map: Deathaura LE

Players

A.I. 1 (Very Easy) - Winner!

  • Race: Zerg Zerg
  • Spawn Location: 5:00

Pfoe

  • Race: Terran Terran
  • League: Master
  • Spawn Location: 11:00

VOD

Have the link to the VOD?

Description

Time

  • Played on: Oct. 21, 2020, 9:44 p.m.
  • Length: 8:40
Show
View Real Time Build Order
Export as new Build Order

A.I. 1 (Very Easy) Zerg - Winner!

Build Orders: Pool First 

Get SALT Encoding   

  12  0:01  Drone  
  13  0:12  Overlord  
  13  0:16  Drone  
  14  0:35  Spawning Pool  
  13  0:37  Extractor  
  13  0:39  Drone  
  13  0:46  Drone  
  14  0:51  Overlord  
  14  1:22  Zergling x2, Queen  
  17  1:31  Roach Warren  
  16  1:35  Drone  
  16  1:39  Extractor  
  16  1:42  Zergling x2  
  16  1:43  Drone  
  18  1:56  Drone  
  19  2:03  Zergling x2  
  19  2:07  Drone  
  21  2:17  Drone  
  22  2:29  Overlord, Drone  
  23  2:36  Drone  
  24  2:43  Drone  
  25  5:55  Zergling x2  
  25  6:02  Lair, Drone  
  26  6:09  Drone  
  27  6:17  Drone  
  27  6:18  Overlord  
  28  6:24  Drone  
  29  6:31  Drone  
  30  6:37  Roach  
  30  7:00  Overseer x2  
  30  7:16  Hatchery  
  30  7:19  Ravager  
  30  7:20  Roach  
  33  8:36  Extractor  
  33  8:39  Extractor  
Show
View Real Time Build Order
Export as new Build Order

Pfoe Terran 

Build Orders: Reaper Expand 

Get SALT Encoding   

  12  0:00  SCV  
  13  0:12  SCV  
  14  0:16  Supply Depot  
  14  0:24  SCV  
  15  0:38  SCV  
  15  0:40  Barracks  
  15  0:42  Refinery  
  16  0:50  SCV  
  17  1:02  SCV  
  18  1:14  SCV  
  19  1:27  Reaper, Orbital Command  
  20  1:37  Command Center  
  20  1:49  Barracks  
  20  1:53  SCV  
  21  1:59  Barracks Reactor  
  21  2:05  SCV  
  21  2:07  Supply Depot  
  22  2:17  SCV  
  22  2:18  Refinery  
  23  2:27  Factory  
  23  2:29  SCV  
  24  2:35  Marine x2  
  26  2:39  Barracks Tech Lab  
  26  2:41  SCV  
  27  2:48  Orbital Command  
  27  2:53  SCV  
  27  2:55  Marine x2  
  30  2:59  Stimpack  
  31  3:05  SCV  
  31  3:14  SCV  
  31  3:15  Marine x3  
  31  3:18  SCV  
  36  3:21  Starport  
  36  3:23  Factory Reactor  
  36  3:26  SCV  
  37  3:30  SCV  
  37  3:33  Supply Depot  
  38  3:36  Marine x3  
  38  3:38  SCV  
  42  3:42  SCV  
  42  3:45  Supply Depot  
  43  3:50  SCV  
  43  3:54  SCV, Marine  
  43  3:55  Marine x2  
  48  4:02  SCV  
  49  4:03  Medivac x2  
  53  4:11  SCV  
  53  4:13  Marine x3  
  53  4:14  SCV  
  53  4:15  Supply Depot  
  58  4:23  SCV  
  59  4:26  SCV  
  59  4:29  Command Center  
  60  4:38  SCV, Supply Depot  
  61  4:39  SCV, Marine  
  61  4:40  Marine x2  
  61  4:41  Combat Shield  
  65  4:47  Medivac  
  65  4:50  SCV  
  65  4:51  SCV  
  69  4:54  Supply Depot  
  69  5:00  Widow Mine  
  69  5:02  SCV  
  69  5:06  Marine x3  
  75  5:07  Engineering Bay x2  
  75  5:08  SCV  
  75  5:11  Supply Depot  
  77  5:14  SCV  
  77  5:15  Refinery  
  77  5:16  Refinery  
  77  5:21  Factory Reactor  
  77  5:23  SCV  
  77  5:26  SCV  
  79  5:29  Barracks  
  79  5:33  Terran Infantry Weapons Level 1  
  79  5:34  Terran Infantry Armor Level 1, Marine x2  
  82  5:38  Starport Reactor, Marine  
  82  5:43  Orbital Command  
  82  5:48  Barracks x2  
  82  5:51  SCV x2  
  82  5:54  Supply Depot  
  82  5:55  Marine  
  82  5:56  Marine  
  86  5:57  Marine  
  86  6:02  Widow Mine  
  86  6:03  SCV x2  
  91  6:04  Widow Mine, Orbital Command  
  93  6:15  SCV x2, Medivac, Armory  
  93  6:17  Medivac  
  99  6:21  Marine x2  
  99  6:22  Marine x2  
  99  6:23  Marine  
  104  6:27  SCV x2  
  106  6:33  SCV  
  106  6:35  Supply Depot x2  
  106  6:38  Supply Depot  
  106  6:39  Barracks Reactor x2, SCV  
  108  6:42  SCV  
  108  6:45  SCV  
  110  6:47  Marine x4  
  110  6:52  SCV, Marine  
  116  6:55  SCV  
  116  6:56  Medivac x2  
  116  6:57  SCV  
  116  6:58  Supply Depot  
  116  7:00  Supply Depot  
  122  7:03  Widow Mine x2  
  122  7:05  SCV  
  122  7:07  Factory  
  122  7:08  SCV  
  128  7:09  SCV  
  128  7:11  Refinery, Marine x3  
  128  7:12  Marine  
  128  7:13  Marine  
  134  7:17  Marine x4  
  134  7:20  SCV x2  
  140  7:23  Supply Depot  
  140  7:26  Supply Depot  
  140  7:29  Widow Mine  
  142  7:35  Marine  
  142  7:36  Supply Depot, Marine x4  
  147  7:37  Marine  
  147  7:38  Marine  
  147  7:39  Marine  
  147  7:41  Marauder  
  147  7:43  Widow Mine  
  154  7:47  Medivac  
  154  7:48  Medivac  
  158  7:51  Factory Tech Lab  
  158  7:53  Widow Mine  
  158  7:56  Supply Depot  
  158  7:58  Marine x6  
  162  7:59  Marine x2  
  162  8:02  Supply Depot, Marauder  
  170  8:06  Widow Mine  
  174  8:12  Widow Mine  
  174  8:16  Command Center  
  174  8:17  Supply Depot, Marine x7  
  174  8:19  Marine  
Tags
 
Add a new tag
Caveats
  • Supply blocks, unpowered buildings, or Contaminate may cause inaccurate times.
  • Supply counts are checked every 10 seconds.